 Dungeon Crawl Stone Soup version 0.29.1-12-g30fa7ad0bf (webtiles) character file.

Game seed: 8972655337188877442

2 hawla the Chiller (level 1, 0/14 HPs)
             Began as a Meteoran Ice Elementalist on Dec 24, 2022.
             Slain by a jelly (3 damage)
             ... on level 4 of the Dungeon.
             The game lasted 00:00:47 (172 turns).

hawla the Chiller (Meteoran Ice Elementalist)        Turns: 172, Time: 00:00:48

Health: 0/14       AC: -2    Str:  9    XL:     1   Next: 42%
Magic:  4/5        EV: 12    Int: 16    God:
Gold:   30         SH:  0    Dex: 14    Spells: 4/5 levels left

rFire   . . .      SeeInvis .   (no weapon)
rCold   . . .      Faith    .   (no shield)
rNeg    . . .      Spirit   .   a - +0 robe
rPois   .          Reflect  .   (no helmet)
rElec   .          Harm     .   (no cloak)
rCorr   .          Rampage  .   (no gloves)
Will    .....                   (no boots)
Stlth   +.........              (no amulet)
HPRegen 0.04/turn               (no ring)
MPRegen 0.09/turn               (no ring)

@: corroded, glowing
A: sense surroundings 1, otherworldly, glowing, explore regen
a: no special abilities


You were on level 4 of the Dungeon.
You visited 1 branch of the dungeon, and saw 4 of its levels.

You collected 30 gold pieces.

Inventory:

Armour
 a - a +0 robe (worn)
Scrolls
 c - a scroll of fear {unknown}
Potions
 b - a potion of magic


   Skills:
 + Level 2.4 Dodging
 - Level 1.4 Stealth
 + Level 2.7 Spellcasting
 + Level 4.4 Ice Magic


You had 4 spell levels left.
You knew the following spells:

 Your Spells              Type           Power      Damage    Failure   Level
a - Freeze                Ice            64%        1d8       3%          1

Your spell library contained the following spells:

 Spells                   Type           Power      Damage    Failure   Level
 Frozen Ramparts          Ice            32%        1d5       9%          3
 Ozocubu's Armour         Ice            16%        N/A       9%          3
 Hailstorm                Conj/Ice       9%         3d4       58%         4


Dungeon Overview and Level Annotations

Branches:
Dungeon (4/15) Zot: 2227
 Temple: D:4-7

Altars:

Annotations:
D:3 1 runed translucent door, Rangus's ghost, amateur OpWn
D:4 3 runed translucent doors, Strafespey's ghost, novice KoEn


Innate Abilities, Weirdness & Mutations

You passively map a small area around you.
You are easily found by Zot.
You glow in the dark.
You regain HP and MP as you explore.


Message History

The orc shouts!
c - a scroll labelled BAPHIC BIREL You open the door.
A ball python comes into view.
The ball python hisses angrily.
There is an open door here.
Casting: Freeze (safe; 3% risk of failure)
Confirm with . or Enter, or press ? or * to list all spells.
Aiming: Freeze (safe; 3% risk of failure)
Press: ? - help, Shift-Dir - straight line, f - ball python
Aim: a ball python You freeze the ball python.
The ball python is severely wounded.
The ball python bites you. The ball python barely misses you.
The ball python bites you but does no damage.
The ball python barely misses you.
Casting: Freeze (safe; 3% risk of failure)
Confirm with . or Enter, or press ? or * to list all spells.
Aiming: Freeze (safe; 3% risk of failure)
Press: ? - help, Shift-Dir - straight line, f/p - ball python
Aim: a ball python (severely wounded)
You freeze the ball python.
You kill the ball python!
Unknown command.
Magic restored.
You see here a ball python corpse.
A jelly comes into view.
Found 10 gold pieces.
The jelly hits you. The acid corrodes you!
You are splashed with acid!
Ouch! That really hurt!
* * * LOW HITPOINT WARNING * * *
Casting: Freeze (safe; 3% risk of failure)
Confirm with . or Enter, or press ? or * to list all spells.
Aiming: Freeze (safe; 3% risk of failure)
Press: ? - help, Shift-Dir - straight line, f - jelly
Aim: a jelly You freeze the jelly.
The jelly is lightly wounded.
The jelly hits you.
You die...

# #...# , # ##.##
* ### #.# .8#####
#'## ..#W...
#†.## **
..#o.##.,#...## #
..#o.#8 #....## *
#.### * ..#o.##.
#.....###...... *
* ..#.#...
#......@J.$....
..+.#o..
#......##....##
..+o#o8. #....#.#
...# *
..+.#o..,#...##.#
,..# ..#o#...
#..###.# , .#
..#..##.,#+# #.#
# ..#..#8.,#.#
#.# , ** ..#..##.
#.# #.. ..#.....
#.##


You could see a jelly.

Vanquished Creatures
  2 ball pythons
2 creatures vanquished.

Notes
Turn   | Place    | Note
-------+----------+-------------------------------------------
     0 | D:1      | hawla the Meteoran Ice Elementalist began the quest for the
                  | Orb.
     0 | D:1      | Reached XP level 1. HP: 14/14 MP: 5/5
    10 | D:2      | Found a faded altar of an unknown god.
    55 | D:3      | Found a runed translucent door.
    63 | D:3      | Noticed Rangus's ghost (amateur OpWn)
   106 | D:4      | Found a runed translucent gate.
   107 | D:4      | Found a runed translucent gate.
   118 | D:4      | Found a runed translucent gate.
   118 | D:4      | Noticed an orc priest
   119 | D:4      | Noticed Strafespey's ghost (novice KoEn)
   119 | D:4      | Identified the +5 scale mail "Jiciel" {+Inv rPois Str+5
                  | Stlth-}
   168 | D:4      | Noticed a jelly
   172 | D:4      | Slain by a jelly

Illustrated notes

Levels and vault maps discovered:
D:1:      evilmike_arrival_hilbert_curve, layout_basic,
          nicolae_kite_square_tiling_tiny, serial_park_tiny_pond,
          minmay_pentomino_x2
D:2:      layout_loops_ring, serial_shops, shop, shapermc_ecumenical_altar_gd,
          basic_altar, kennysheep_generic_room_16, uniq_natasha
D:3:      layout_loops_corners, hellmonk_ghost_happy_afterlife, serial_shops,
          shop_statue, wad_orctagon, uniq_crazy_yiuf_cottage
D:4:      layout_loops_corners, biasface_ghost_orc_armoury

Action                   || total
-------------------------++-------
Melee: Unarmed           ||     1
 Cast: Freeze            ||     5
Armor: Robe              ||     1
Dodge: Dodged            ||     4
